 Dungeon Crawl Stone Soup version 0.23.2-1-ga50397a (webtiles) character file.

Game seed: 15592202245578673340

206658 Borgoz the Swashbuckler (level 19, -6/136 HPs)
             Began as a Halfling Gladiator on May 25, 2019.
             Was the Champion of Ashenzari.
             Mangled by a snapping turtle (8 damage)
             ... on level 4 of the Shoals.
             The game lasted 01:50:03 (39281 turns).

Borgoz the Swashbuckler (Halfling Gladiator)       Turns: 39281, Time: 01:50:03

Health: -6/136     AC: 39    Str: 26    XL:     19   Next: 90%
Magic:  0/26       EV: 23    Int:  9    God:    Ashenzari [******]
Gold:   1518       SH: 12    Dex: 22    Spells: 26/27 levels left

rFire    . . .     SeeInvis +   a - +6 quick blade (flame) (curse)
rCold    + . .     Gourm    .   E - +3 buckler of Repulsion {rPois rC+ rN+ Regen+ Dex+4} (curse)
rNeg     + . .     Faith    .   y - +10 plate armour "Darhohex" {rCorr} (curse)
rPois    +         Spirit   +   n - +1 helmet {Int+3}
rElec    .         Reflect  .   r - scarf {Spirit}
rCorr    +         Harm     .   o - +2 pair of gloves
MR       +....     Clarity  +   e - +1 pair of boots
Stlth    ..........             k - amulet of rage (curse)
HPRegen  0.72/turn              p - +3 ring of protection
MPRegen  0.20/turn              G - +5 ring of strength

@: berserk cooldown, slowed, glowing, very slow
A: small, mutation resistance 1
a: Curse Item, Scrying, Transfer Knowledge, Renounce Religion, Evoke Berserk
Rage


You were on level 4 of the Shoals.
You worshipped Ashenzari.
Ashenzari was exalted by your worship.
You were near starving.

You visited 6 branches of the dungeon, and saw 31 of its levels.
You also visited: Ossuary, Ice Cave and Volcano.

You collected 3747 gold pieces.
You spent 2229 gold pieces at shops.

Inventory:

Hand Weapons
 a - a cursed +6 quick blade of flaming (weapon)
 b - a +3 rapier of electrocution
Missiles
 d - 10 throwing nets (quivered)
Armour
 e - a +1 pair of boots (worn)
 n - a +1 helmet of intelligence (worn)
 o - a +2 pair of gloves (worn)
 r - a scarf of spirit shield (worn)
 t - +1 ice dragon scales
 y - the cursed +10 plate armour "Darhohex" (worn) {rCorr}
   (You found it on level 2 of the Lair of Beasts)

   It provides partial protection from all sources of acid and corrosion.
   It has a curse placed upon it.
 E - the cursed +3 buckler of Repulsion (worn) {rPois rC+ rN+ Regen+ Dex+4}
   (You found it on level 2 of the Lair of Beasts)

   It affects your dexterity (+4).
   It protects you from cold.
   It protects you from poison.
   It protects you from negative energy.
   It increases your rate of regeneration.
   It has a curse placed upon it.
 M - +0 fire dragon scales
Jewellery
 k - a cursed amulet of rage (around neck)
 p - a +3 ring of protection (left hand)
 x - a +1 ring of evasion
 G - a +5 ring of strength (right hand)
 T - an uncursed ring of protection from fire
 V - an uncursed ring of ice
Wands
 j - a wand of enslavement (16)
 q - a wand of acid (34)
 s - a wand of paralysis (14)
 v - a wand of digging (15)
 D - a wand of disintegration (13)
 Q - a wand of iceblast (18)
Scrolls
 c - 16 scrolls of identify
 g - a scroll of fog
 h - 2 scrolls of holy word
 l - a scroll of enchant armour
 m - 9 scrolls of remove curse
 w - 9 scrolls of teleportation
 A - 4 scrolls of magic mapping
 I - 3 scrolls of blinking
 O - 4 scrolls of fear
Potions
 i - 8 potions of curing
 z - 2 potions of agility
 B - 5 potions of might
 H - 2 potions of resistance
 K - 6 potions of flight
 L - 3 potions of haste
 N - 3 potions of cancellation
Comestibles
 f - 59 rations
 u - 12 chunks of flesh


   Skills:
 * Level 14.0 Fighting
 * Level 17.4(21.2) Short Blades
 - Level 2.0 Throwing
 * Level 15.9 Armour
 * Level 16.2 Dodging
 - Level 10.0 Stealth
 - Level 7.3(10.3) Shields
 + Level 4.8 Spellcasting
 + Level 4.2 Hexes
 - Level 10.0 Evocations


You had 26 spell levels left.
You knew the following spells:

 Your Spells              Type           Power        Failure   Level  Hunger
a - Confusing Touch       Hex            #.....       26%         1    #......

Your spell library contained the following spells:

 Spells                   Type           Power        Failure   Level  Hunger
 Animate Skeleton         Necr           N/A          85%         1    #......
 Apportation              Tloc           #.....       85%         1    #......
 Sandblast                Erth           #.....       85%         1    #......
 Summon Small Mammal      Summ           #...         85%         1    #......
 Summon Guardian Golem    Hex/Summ       #.......     89%         3    ###....
 Call Imp                 Summ           #.......     94%         2    ##.....
 Passwall                 Tmut/Erth      #.......     94%         2    ##.....
 Call Canine Familiar     Summ           #.......     99%         3    ###....
 Stone Arrow              Conj/Erth      #.....       99%         3    ###....
 Ice Form                 Ice/Tmut       #.......     100%        4    #####..
 Petrify                  Tmut/Erth      #.......     100%        4    #####..
 Summon Ice Beast         Ice/Summ       #.......     100%        4    #####..
 Summon Lightning Spire   Summ/Air       #.......     100%        4    #####..
 Lee's Rapid Deconstruct  Erth           #.........   100%        5    ######.
 Metabolic Englaciation   Hex/Ice        #.........   100%        5    ######.
 Bolt of Cold             Conj/Ice       #.........   100%        6    #######
 Freezing Cloud           Conj/Ice/Air   #.........   100%        6    #######
 Ozocubu's Refrigeration  Ice            #.........   100%        6    #######
 Simulacrum               Ice/Necr       #.........   100%        6    #######


Dungeon Overview and Level Annotations

Branches:
Dungeon (15/15)            Temple (1/1) D:7            Lair (6/6) D:10
 Shoals (4/4) Lair:3       Spider (0/4) Lair:4        Slime (0/5) Lair:5
    Orc (2/2) D:12            Elf (3/3) Orc:2        Vaults (0/5) D:14
 Depths (0/5) D:15

Altars:
Ashenzari
Cheibriados
Dithmenos
Elyvilon
Fedhas
Gozag
Hepliaklqana
Kikubaaqudgha
Makhleb
Nemelex Xobeh
Okawaru
Qazlal
Ru
Sif Muna
Trog
Uskayaw
Vehumet
Wu Jian
Xom
Yredelemnul
Zin
The Shining One
Beogh

Shops:
D:4 *   D:8 (   D:13 *   D:14 %*%}*   Orc:2 :*([

Portals:
Trove: D:12 (give 16 scrolls of teleportation)

Annotations:
Shoals:3 exclusion: Roxanne, Roxanne


Innate Abilities, Weirdness & Mutations

You are small and have problems with some larger weapons.
You are somewhat resistant to further mutation.


Message History

* * * LOW HITPOINT WARNING * * *
You block the merfolk impaler's attack. You block the merfolk's attack.
You hit the water elemental. You burn the water elemental.
The water elemental is severely damaged.
Splash!
You fall into the shallow water.
Moving in this stuff is going to be slow.
The merfolk hits you from afar with a +0 trident.
* * * LOW HITPOINT WARNING * * *
The faun gestures at you while chanting.
You easily resist.
The sea snake barely misses you.
The cyclops throws a large rock.
The large rock completely misses you.
You hear a splash.
You hit the water elemental. You burn the water elemental.
The water elemental is almost destroyed.
The merfolk avatar chants a haunting song.
You are unaffected.
The faun closely misses you. You block the merfolk impaler's attack.
You block the water elemental's attack.
The snapping turtle bites you from afar!
You die...

, , ,
..≈≈......≈≈≈≈≈≈≈≈ ≈
≈≈≈ ,,
,,,≈≈≈≈≈≈≈≈...≈≈≈≈≈(≈≈
≈≈ ≈≈
,,,,≈≈≈≈≈≈≈≈≈...≈≈≈≈≈≈≈
≈≈≈≈≈≈≈≈ ,, ,
≈≈≈≈≈≈≈≈##.≈≈≈≈≈.≈ ≈ ≈≈
,,,,,
..≈≈≈≈≈≈...≈≈≈≈≈≈≈≈≈ ,
≈≈ ,,,
...≈≈≈≈≈≈.≈≈≈≈≈≈≈≈, ≈≈
,, ,,
....≈≈≈≈≈m(c≈≈..≈≈≈
≈≈≈≈ , ,,
...≈≈≈≈≈tcEm.≈.#. ≈≈ ≈≈
,, ,,..≈≈≈≈≈≈m)@)≈≈##..
≈ ≈≈ ,,
,,.≈≈≈≈≈≈≈≈†Sm(≈)..≈≈
≈≈ ≈ ≈≈ * ,
.≈≈≈≈≈≈≈≈≈≈≈≈≈.≈≈≈ ≈≈
≈≈≈≈ ',,,
≈≈≈≈C≈≈≈m≈≈≈≈≈≈≈≈≈≈ ≈
≈≈≈ ≈
≈≈≈≈≈≈≈≈≈≈≈≈≈≈≈≈≈≈≈,,≈
≈ ≈ ,≈≈
≈≈≈≈≈≈≈≈≈≈≈≈≈≈≈≈≈≈≈≈ ≈
,≈ ≈≈≈≈
≈≈≈≈≈≈≈≈≈≈≈≈≈≈≈≈ ≈ ≈≈ ≈
≈≈ ≈≈≈≈≈≈≈≈≈≈≈≈≈≈≈≈ ≈
≈≈≈ ≈ ≈≈≈≈≈≈≈≈≈≈≈≈≈≈≈≈≈
≈≈≈≈


You could see a merfolk avatar, a merfolk impaler, a sea snake, a snapping
turtle, 2 merfolk, 2 fauns, a cyclops, a water elemental and a water nymph.

Vanquished Creatures
  Nikola (Shoals:3)
  Polyphemus (Shoals:2)
  2 sphinxes (Elf:3)
  Ilsuiw (Shoals:3)
  A fire giant (D:12)
  A frost giant (IceCv)
  An orc warlord (Orc:2)
  The ghost of Borgoz the Slicer, a journeyman HaGl of Ashenzari (Lair:4)
  A deep elf demonologist (Elf:1)
  A dire elephant (Lair:6)
  2 ettins (D:12)
  Snorg (Orc:1)
  A merfolk javelineer (Shoals:3)
  A fire dragon (Elf:3)
  A deep elf high priest (Elf:1)
  4 merfolk impalers
  An ice dragon (Lair:5)
  3 yaktaur captains (D:12)
  A rakshasa (D:12)
  4 vault guards (D:13)
  20 hydras
  2 catoblepae
  Erica (D:11)
  6 two-headed ogres
  2 merfolk aquamancers (Shoals:4)
  4 centaur warriors
  5 death yaks
  2 tengu warriors
  27 dancing weapons
  2 satyrs
  3 orc high priests (Orc:2)
  Sonja (D:12)
  16 deep elf knights
  9 sea snakes
  4 unseen horrors
  A wizard (D:14)
  A glowing orange brain (D:15)
  12 deep elf archers
  4 orc knights
  10 harpies
  A harpy (shapeshifter) (D:15)
  2 phantasmal warriors (D:12)
  A wolf spider zombie (D:15)
  5 cyclopes
  2 oklob plants (D:10)
  9 ugly things
  A wolf spider (shapeshifter) (D:15)
  A wolf spider (Lair:6)
  6 orc sorcerers
  13 manticores
  43 deep elf magi
  16 fauns
  A black mamba (shapeshifter) (D:15)
  4 merfolk sirens
  10 black mambas
  A guardian serpent (Lair:6)
  An ice statue (IceCv)
  3 water nymphs
  Psyche (D:12)
  A smoke demon (Volcano)
  5 centaur skeletons
  2 molten gargoyles (Volcano)
  3 gargoyles
  16 spiny frogs
  3 rime drakes
  An efreet (D:15)
  6 komodo dragons
  A rime drake (shapeshifter) (D:15)
  A freezing wraith (D:15)
  15 merfolk
  2 ice devils (D:13)
  A red devil (Volcano)
  A queen bee (Lair:1)
  5 trolls
  29 polar bears
  2 tengu conjurers (D:14)
  A jumping spider (shapeshifter) (Elf:1)
  9 wind drakes
  5 hornets
  Prince Ribbit (D:6)
  10 slime creatures
  7 dream sheep
  21 blink frogs
  2 raiju (Lair:6)
  9 snapping turtles
  20 hippogriffs
  A redback (Lair:6)
  11 water elementals
  Sigmund (D:3)
  3 wraiths
  A vampire (D:13)
  2 shadows
  50 yaks
  A fire bat (Volcano)
  3 fire elementals
  A tarantella (shapeshifter) (D:14)
  A steam dragon (D:12)
  4 basilisks
  13 wyverns
  6 vampire mosquitoes
  2 soldier ants (shapeshifter)
  11 wargs
  20 hell hounds
  22 water moccasins
  5 porcupines
  10 ice beasts
  2 phantoms
  12 black bears
  41 orc warriors
  2 necrophages
  2 eyes of draining
  15 ogres
  44 wolves
  15 centaurs
  10 crocodiles
  6 big kobolds
  17 bullfrogs
  A wyvern zombie (D:14)
  An earth elemental (Elf:2)
  A wyvern skeleton (D:9)
  A hornet simulacrum (D:15)
  3 scorpions
  39 killer bees
  20 wights
  6 electric eels
  2 howler monkeys
  The ghost of Borgoz the Skirmisher, a weakling GrMo of Okawaru (D:3)
  11 crimson imps
  A bullfrog zombie (D:12)
  5 centaur zombies
  9 hounds
  A lava snake (Volcano)
  2 quasits
  Crazy Yiuf (D:3)
  3 bullfrog skeletons
  17 orc priests
  3 jellies
  Ijyb (D:4)
  19 orc wizards
  9 worker ants
  3 big kobold zombies (Ossuary)
  3 centaur simulacra
  2 mummies (Ossuary)
  A hound skeleton (D:7)
  A howler monkey skeleton (D:4)
  15 adders
  14 gnolls
  3 shadow imps
  5 white imps
  A worker ant simulacrum (D:8)
  An ooze (D:4)
  5 adder zombies (Ossuary)
  An adder skeleton (D:2)
  4 worms
  12 dart slugs
  3 leopard geckos
  93 orcs
  10 bats
  7 giant cockroaches
  2 goblins (D:1)
  9 hobgoblins
  4 jackals (D:7)
  4 quokkas
  3 ball pythons
  6 frilled lizards
  7 gnoll zombies
  8 hobgoblin zombies (Ossuary)
  29 kobolds
  5 kobold zombies (Ossuary)
  A leopard gecko simulacrum (D:8)
  3 leopard gecko skeletons
  5 orc zombies (Ossuary)
  8 rats
  2 fungi
  A plant (Shoals:1)
1234 creatures vanquished.

Vanquished Creatures (others)
  2 harpies (Shoals:4)
  A cyclops (Shoals:4)
  A dream sheep (Shoals:4)
  A wolf (IceCv)
  2 orcs
  8 fungi
  15 plants
30 creatures vanquished.

Grand Total: 1264 creatures vanquished

Notes
Turn   | Place    | Note
-------+----------+-------------------------------------------
     0 | D:1      | Borgoz the Halfling Gladiator began the quest for the Orb.
     0 | D:1      | Reached XP level 1. HP: 14/14 MP: 1/1
   108 | D:1      | Reached XP level 2. HP: 9/19 MP: 2/2
   362 | D:1      | Reached skill level 1 in Armour
   388 | D:1      | Reached skill level 4 in Short Blades
   388 | D:1      | Reached XP level 3. HP: 23/24 MP: 3/3
   566 | D:1      | Found a shattered altar of Ashenzari.
   585 | D:1      | Became a worshipper of Ashenzari the Shackled
  1131 | D:2      | Reached XP level 4. HP: 27/29 MP: 4/4
  1936 | D:2      | Reached skill level 1 in Evocations
  2081 | D:3      | Reached XP level 5. HP: 33/35 MP: 5/5
  2096 | D:3      | Noticed Sigmund
  2159 | D:3      | Killed Sigmund
  2159 | D:3      | Reached skill level 1 in Shields
  2159 | D:3      | Reached XP level 6. HP: 27/41 MP: 5/7
  2264 | D:3      | Found a large runed translucent door.
  2264 | D:3      | Found a large runed translucent door.
  2265 | D:3      | Noticed Borgoz's ghost (weakling GrMo)
  2849 | D:3      | Found a snail-covered altar of Cheibriados.
  3167 | D:3      | Killed Borgoz's ghost
  3167 | D:3      | Reached skill level 5 in Short Blades
  3167 | D:3      | Reached XP level 7. HP: 32/46 MP: 8/8
  3324 | D:3      | Found a runed translucent door.
  3325 | D:3      | Noticed Crazy Yiuf
  3558 | D:3      | Killed Crazy Yiuf
  3978 | D:4      | Found Wyleamex's Assorted Antiques.
  3992 | D:4      | Bought a runed short sword for 162 gold pieces
  4118 | D:4      | Noticed Ijyb
  4339 | D:4      | Reached skill level 5 in Dodging
  4363 | D:4      | Reached XP level 8. HP: 26/52 MP: 10/10
  4909 | D:5      | Entered Level 5 of the Dungeon
  5065 | D:5      | Reached * piety under Ashenzari
  5160 | D:5      | Found a blossoming altar of Fedhas.
  5262 | D:5      | Found a shadowy altar of Dithmenos.
  5820 | D:6      | Found a sand-covered staircase.
  5827 | Ossuary  | Entered an ossuary
  5954 | Ossuary  | Reached skill level 6 in Short Blades
  6204 | D:6      | Noticed Prince Ribbit
  6230 | D:6      | Killed Prince Ribbit
  6326 | D:6      | Reached XP level 9. HP: 58/58 MP: 11/11
  6476 | D:6      | Found a white marble altar of Elyvilon.
  6712 | D:6      | Reached skill level 5 in Armour
  7351 | D:7      | Reached skill level 7 in Short Blades
  7381 | D:7      | Reached skill level 5 in Shields
  7447 | D:7      | Reached skill level 5 in Fighting
  7481 | D:7      | Found an iron altar of Okawaru.
  7604 | D:7      | Reached skill level 5 in Evocations
  7668 | D:7      | Found a staircase to the Ecumenical Temple.
  7677 | Temple   | Entered the Ecumenical Temple
  7908 | D:7      | Reached XP level 10. HP: 66/66 MP: 13/13
  8356 | D:7      | Reached ** piety under Ashenzari
  8371 | D:7      | Found a basalt altar of Yredelemnul.
  8472 | D:7      | Found a burning altar of Makhleb.
  8783 | D:7      | Reached skill level 8 in Short Blades
  9868 | D:8      | HP: 1/68 [polar bear (14)]
 10637 | D:8      | Reached XP level 11. HP: 47/72 MP: 15/15
 10742 | D:8      | Found Fetwoh's Weapon Boutique.
 10928 | D:9      | Found a radiant altar of Vehumet.
 11137 | D:9      | Found an opulent altar of Gozag.
 11170 | D:9      | Reached skill level 9 in Short Blades
 11447 | D:9      | Found a stormy altar of Qazlal.
 11719 | D:9      | Found a sparkling altar of Nemelex Xobeh.
 11756 | D:9      | Noticed a two-headed ogre
 11764 | D:9      | Killed a two-headed ogre
 11885 | D:10     | Entered Level 10 of the Dungeon
 12191 | D:10     | Killed an unseen horror
 12355 | D:10     | Noticed a cyclops
 12380 | D:10     | Killed a cyclops
 12414 | D:10     | Reached *** piety under Ashenzari
 12549 | D:10     | Found a blossoming altar of Fedhas.
 12552 | D:10     | Noticed an oklob plant
 12552 | D:10     | Noticed an oklob plant
 12731 | D:10     | Killed an oklob plant
 12823 | D:10     | Killed an oklob plant
 12904 | D:10     | Found a staircase to the Lair.
 12958 | D:10     | Reached skill level 10 in Short Blades
 13180 | D:10     | Found an ancient bone altar of Kikubaaqudgha.
 13211 | D:10     | Noticed a tengu warrior
 13220 | D:10     | Killed a tengu warrior
 13220 | D:10     | Reached XP level 12. HP: 81/81 MP: 17/17
 13470 | D:11     | Noticed a six-headed hydra
 13481 | D:11     | Killed a six-headed hydra
 13481 | D:11     | Reached skill level 1 in Stealth
 13639 | D:11     | Noticed Erica
 13677 | D:11     | Killed Erica
 14277 | D:12     | Noticed a two-headed ogre
 14290 | D:12     | Killed a two-headed ogre
 14290 | D:12     | Reached skill level 10 in Dodging
 14374 | D:12     | Noticed a rakshasa
 14567 | D:4      | Bought a transparent leather armour for 189 gold pieces
 14577 | D:4      | Identified the +3 leather armour of Protective Custody
                  | {rCorr Int+3} (You bought it in a shop on level 4 of the
                  | Dungeon)
 14792 | D:4      | Killed Ijyb
 15059 | Lair:1   | Entered Level 1 of the Lair of Beasts
 15490 | Lair:1   | Reached skill level 11 in Short Blades
 15752 | Lair:1   | Reached XP level 13. HP: 43/88 MP: 19/19
 16398 | Lair:2   | Reached skill level 10 in Armour
 16429 | Lair:2   | Reached skill level 5 in Stealth
 17038 | Lair:2   | Got the uncursed plate armour "Darhohex" {rCorr}
 17049 | Lair:2   | Identified the +10 plate armour "Darhohex" {rCorr} (You
                  | found it on level 2 of the Lair of Beasts)
 17229 | Lair:2   | Got the uncursed buckler of Repulsion {rPois rC+ rN+ Regen+
                  | Dex+4}
 17240 | Lair:2   | Identified the +3 buckler of Repulsion {rPois rC+ rN+
                  | Regen+ Dex+4} (You found it on level 2 of the Lair of
                  | Beasts)
 17803 | Lair:3   | Found a dark tunnel.
 17909 | Lair:3   | Noticed a seven-headed hydra
 17918 | Lair:3   | Killed a seven-headed hydra
 17950 | Volcano  | Entered a volcano
 18031 | Volcano  | Found a bloodstained altar of Trog.
 18115 | Volcano  | Paralysed by an orc sorcerer for 7 turns
 18656 | Lair:3   | Reached skill level 12 in Short Blades
 18658 | Lair:3   | Found a staircase to the Shoals.
 19010 | Lair:4   | Reached **** piety under Ashenzari
 19159 | Lair:4   | Reached XP level 14. HP: 96/96 MP: 20/20
 19241 | Lair:4   | Found a hole to the Spider Nest.
 19474 | Lair:4   | Found a runed translucent gate.
 19475 | Lair:4   | Found a runed translucent gate.
 19476 | Lair:4   | Found a runed translucent gate.
 19477 | Lair:4   | Noticed Borgoz's ghost (journeyman HaGl)
 19978 | Lair:5   | Found a staircase to the Slime Pits.
 20113 | Lair:5   | Reached ***** piety under Ashenzari
 20764 | Lair:6   | Entered Level 6 of the Lair of Beasts
 21274 | Lair:6   | Reached skill level 10 in Fighting
 21737 | Lair:6   | Reached skill level 13 in Short Blades
 22014 | Lair:6   | Reached XP level 15. HP: 102/102 MP: 21/21
 23334 | Lair:4   | Killed Borgoz's ghost
 23632 | D:12     | Reached skill level 10 in Stealth
 23679 | D:12     | Found a runed translucent door.
 23679 | D:12     | Noticed a fire giant
 23889 | D:12     | Found a staircase to the Orcish Mines.
 23966 | D:12     | Noticed Sonja
 23974 | D:12     | Killed Sonja
 24052 | D:12     | Found a portal to a secret trove of treasure.
 24202 | D:12     | Noticed Psyche
 24221 | D:12     | Killed Psyche
 24849 | D:13     | Reached skill level 14 in Short Blades
 24915 | D:13     | Found Josmig's Assorted Antiques.
 24988 | D:13     | Found a white marble altar of Elyvilon.
 25010 | D:13     | Bought a wand of acid (3) for 256 gold pieces
 25132 | D:13     | Found a frozen archway.
 25155 | D:13     | Reached XP level 16. HP: 111/111 MP: 22/22
 25163 | IceCv    | Entered an ice cave
 25838 | IceCv    | Noticed a frost giant
 25908 | IceCv    | Killed a frost giant
 26521 | D:14     | Found Ziusm's Assorted Antiques.
 26526 | D:14     | Bought an ancient scale mail for 162 gold pieces
 26526 | D:14     | Identified the +1 scale mail "Nonub" {rElec MR+ Int+2} (You
                  | bought it in a shop on level 14 of the Dungeon)
 26643 | D:14     | Found Vapnuod's Gadget Shoppe.
 26657 | D:14     | Reached ****** piety under Ashenzari
 26679 | D:14     | Found Roph's Food Emporium.
 26869 | D:14     | Found a gate to the Vaults.
 27278 | D:14     | Bought a wand of acid (6) for 144 gold pieces
 27478 | D:14     | Reached skill level 1 in Spellcasting
 27834 | D:14     | Found Ymuarch's Food Emporium.
 27915 | D:14     | Found a sparkling altar of Nemelex Xobeh.
 28009 | D:14     | Found Cafriaku's General Store.
 28026 | D:14     | Reached skill level 15 in Short Blades
 28036 | D:14     | Bought a scroll of teleportation for 51 gold pieces
 28036 | D:14     | Bought a potion of might for 68 gold pieces
 28036 | D:14     | Bought a scroll of identify for 34 gold pieces
 28252 | D:15     | Entered Level 15 of the Dungeon
 28252 | D:15     | Found the +9 staff of Olgreb {rPois}
 28433 | D:15     | Found a snail-covered altar of Cheibriados.
 28869 | D:15     | Reached XP level 17. HP: 114/118 MP: 23/23
 28910 | D:15     | Found a staircase to the Depths.
 29508 | Orc:1    | Entered Level 1 of the Orcish Mines
 29654 | Orc:1    | Found a roughly hewn altar of Beogh.
 29798 | Orc:2    | Entered Level 2 of the Orcish Mines
 29798 | Orc:2    | Found a staircase to the Elven Halls.
 29840 | Orc:2    | Paralysed by an orc sorcerer for 3 turns
 30086 | Orc:2    | Found Imashrycw's General Store.
 30305 | Orc:1    | Noticed Snorg
 30317 | Orc:1    | Killed Snorg
 30768 | Orc:2    | Found Teumnux's Antique Armour Emporium.
 30807 | Orc:2    | Found Fuschopteo's Antique Weapon Shop.
 30826 | Orc:2    | Found Yxueris's Book Boutique.
 30839 | Orc:2    | Paralysed by an orc sorcerer for 6 turns
 30941 | Orc:2    | Bought a book of Cantrips for 320 gold pieces
 30943 | Orc:2    | Learned a level 1 spell: Confusing Touch
 31081 | Orc:2    | Bought a pair of embroidered gloves for 172 gold pieces
 31081 | Orc:2    | Bought a spiked plate armour for 644 gold pieces
 31081 | Orc:2    | Identified the +8 plate armour of Rationality {+Inv rN+
                  | Str-4} (You bought it in a shop on level 2 of the Orcish
                  | Mines)
 31431 | D:4      | Bought a scroll labeled UBLITI JURE for 27 gold pieces
 31962 | Elf:1    | Entered Level 1 of the Elven Halls
 32039 | Elf:1    | Reached skill level 1 in Hexes
 32237 | Elf:1    | Identified the ring "Harocw" {Int+2 Dex+2}
 32369 | Elf:1    | Reached skill level 16 in Short Blades
 32666 | Elf:1    | Reached XP level 18. HP: 125/126 MP: 24/24
 33068 | Elf:1    | Reached skill level 15 in Dodging
 33434 | Elf:1    | Noticed a Tzitzimitl
 33997 | Elf:2    | Found a huge runed translucent gate.
 33997 | Elf:2    | Found a huge runed translucent gate.
 33998 | Elf:2    | Found a huge runed translucent gate.
 34055 | Elf:3    | Entered Level 3 of the Elven Halls
 34198 | Elf:3    | Reached skill level 15 in Armour
 34901 | Elf:2    | Found a huge runed translucent gate.
 34901 | Elf:2    | Found a huge runed translucent gate.
 35460 | Elf:2    | Reached XP level 19. HP: 129/134 MP: 22/26
 36143 | Shoals:1 | Entered Level 1 of the Shoals
 36700 | Shoals:1 | Reached skill level 17 in Short Blades
 37339 | Shoals:3 | Noticed Ilsuiw
 37339 | Shoals:3 | Noticed Roxanne
 38112 | Shoals:3 | Noticed Nikola
 38346 | Shoals:3 | Killed Nikola
 38503 | Shoals:3 | Noticed Polyphemus
 38544 | Shoals:3 | Reached skill level 10 in Evocations
 38791 | Shoals:2 | Killed Polyphemus
 38974 | Shoals:3 | Killed Ilsuiw
 39056 | Shoals:4 | Entered Level 4 of the Shoals
 39278 | Shoals:4 | HP: 6/136 [faun/+0 spear[a satyr] (10)]
 39280 | Shoals:4 | HP: 2/136 [merfolk/+0 trident (3)]
 39281 | Shoals:4 | Mangled by a snapping turtle

Skill      XL: |  1  2  3  4  5  6  7  8  9 10 11 12 13 14 15 16 17 18 19 |
---------------+----------------------------------------------------------+-----
Fighting       | 2 3 4 5 6 7 8 9 10 11 12 13 14 | 14.0
Armour         | 1 2 3 4 5 7 8 9 10 11 12 13 14 15 | 15.9
Short Blades   | 4 5 6 7 8 10 11 12 13 14 15 16 17 | 17.4
Evocations     | 1 2 3 5 6 7 8 9 10 | 10.0
Dodging        | 4 5 6 8 9 10 11 12 13 14 15 16 | 16.2
Shields        | 1 2 4 5 6 7 |  7.3
Stealth        | 4 6 8 10 | 10.0
Spellcasting   | 1 3 4 |  4.8
Hexes          | 1 3 4 |  4.2
Throwing       | |  2.0

Action                   |  1- 3 |  4- 6 |  7- 9 | 10-12 | 13-15 | 16-18 | 19-21 || total
-------------------------+-------+-------+-------+-------+-------+-------+-------++-------
Melee: Rapier            |   103 |   243 |    83 |       |   204 |       |       ||   633
       Short sword       |       |       |   753 |  1599 |    36 |       |       ||  2388
       Unarmed           |       |       |     4 |       |       |       |       ||     4
       Quick blade       |       |       |       |       |  2397 |  3228 |  1350 ||  6975
       Scimitar          |       |       |       |       |   143 |       |       ||   143
Throw: Throwing net      |       |     4 |       |     7 |       |     1 |       ||    12
 Cast: Confusing Touch   |       |       |       |       |       |       |     2 ||     2
Invok: Curse Item        |       |       |     1 |       |     8 |       |       ||     9
       Scrying           |       |       |       |     1 |       |       |       ||     1
 Abil: Evoke Berserk Rag |       |     1 |     1 |     3 |     3 |    12 |     7 ||    27
Evoke: Wand              |       |       |       |    23 |    14 |     1 |       ||    38
  Use: Scroll            |       |     6 |     6 |     6 |    11 |     9 |     5 ||    43
       Potion            |       |     2 |     5 |     4 |     5 |       |     4 ||    20
 Stab: Sleeping          |     2 |       |     2 |     1 |     1 |       |       ||     6
       Held in net/web   |       |     3 |       |     2 |       |     1 |       ||     6
       Paralysed         |       |       |       |    20 |     4 |     1 |       ||    25
       Distracted        |       |       |       |     1 |       |       |       ||     1
       Petrifying        |       |       |       |       |     3 |       |       ||     3
       Petrified         |       |       |       |       |     2 |       |     2 ||     4
  Eat: Chunk             |     1 |     6 |    18 |    25 |    28 |    42 |    18 ||   138
       Ration            |       |       |       |     1 |     2 |     1 |       ||     4
Armor: Leather armour    |    24 |    17 |       |       |       |       |       ||    41
       Skin              |       |    21 |       |     4 |       |       |       ||    25
       Ring mail         |       |    28 |    24 |    21 |    47 |       |       ||   120
       Scale mail        |       |       |    30 |       |       |       |       ||    30
       Troll leather arm |       |       |    47 |    77 |       |       |       ||   124
       Ice dragon scales |       |       |     1 |    66 |       |       |       ||    67
       Plate armour      |       |       |       |       |   530 |   504 |   366 ||  1400
       Chain mail        |       |       |       |       |     2 |       |       ||     2
Dodge: Dodged            |    81 |   143 |   328 |   745 |  1132 |   970 |   775 ||  4174
Block: Buckler           |     2 |    78 |   160 |   365 |   855 |   830 |   556 ||  2846
       Rpst.: Scimitar   |       |       |       |       |    56 |       |       ||    56
